 Dungeon Crawl Stone Soup version 0.22.1-2-g9c5b331383 (webtiles) character file.

23942 Ihlosi the Fighter (level 13, 0/84 HPs)
             Began as a Kobold Gladiator on Dec 22, 2018.
             Was a High Priest of Kikubaaqudgha.
             Slain by a freezing wraith (7 damage)
             ... in an ice cave.
             The game lasted 00:58:32 (13583 turns).

Ihlosi the Fighter (Kobold Gladiator)              Turns: 13583, Time: 00:58:32

Health: 0/84       AC: 12    Str: 15    XL:     13   Next: 39%
Magic:  21/21      EV: 21    Int:  9    God:    Kikubaaqudgha [*****.]
Gold:   763        SH:  0    Dex: 18    Spells: 13/23 levels left

rFire    . . .     SeeInvis .   b - +2 rapier of Traps {holy, rC+ rN+}
rCold    + + .     Gourm    .   (shield restricted)
rNeg     + . .     Faith    .   r - +0 ring mail {rC+}
rPois    .         Spirit   .   M - +2 helmet
rElec    .         Reflect  .   q - +1 cloak
rCorr    +         Harm     .   (no gloves)
MR       .....                  I - +0 pair of boots
Stlth    +++.......             s - amulet of regeneration
HPRegen  0.64/turn              o - ring of resist corrosion
MPRegen  0.17/turn              O - ring of wizardry

@: slowed, very slow
A: small, carnivore
a: Receive Corpses, Torment, Renounce Religion


You were in an ice cave.
You worshipped Kikubaaqudgha.
Kikubaaqudgha was extremely pleased with you.
You were full.

You visited 3 branches of the dungeon, and saw 14 of its levels.
You also visited: Ice Cave.

You collected 763 gold pieces.

Inventory:

Hand Weapons
 a - a +3 long sword of freezing
 b - the +2 rapier of Traps (weapon) {holy, rC+ rN+}
   (You found it on level 6 of the Dungeon)

   It has been blessed by the Shining One to cause great damage to the undead
   and demons.
   It protects you from cold.
   It protects you from negative energy.
 J - the +4 quarterstaff "Ecieqac" {crush, Str+6, unknown}
   (You found it on level 1 of the Lair of Beasts)

   It inflicts extra damage upon your enemies.
   It affects your strength (+6).
Missiles
 h - 6 needles of confusion
 k - 8 curare-tipped needles
 Q - 8 needles of sleeping
 U - 2 throwing nets (quivered)
 Z - 12 bolts
Armour
 c - the +2 leather armour of the Arcane {Regen+ rCorr Str-4 SInv}
   (You found it on level 2 of the Lair of Beasts)

   It affects your strength (-4).
   It lets you see invisible.
   It increases your rate of regeneration.
   It provides partial protection from all sources of acid and corrosion.
 d - the +2 pair of boots "Jumerchi" {-Cast MR+ Slay+3, unknown}
   (You acquired it in an ice cave)

   It affects your accuracy and damage with ranged weapons and melee attacks
   (+3).
   It affects your resistance to hostile enchantments.
   It prevents spellcasting.
 q - a +1 cloak (worn)
 r - a +0 ring mail of cold resistance (worn)
 A - a scarf of repulsion
 D - a scarf of cloud immunity
 I - a +0 pair of boots (worn)
 M - a +2 helmet (worn)
 X - +0 acid dragon scales
Jewellery
 o - a ring of resist corrosion (left hand)
 s - an amulet of regeneration (around neck)
 y - an uncursed amulet of magic regeneration {unknown}
 B - an uncursed amulet of magic regeneration {unknown}
 F - an uncursed ring of magical power
 O - a ring of wizardry (right hand)
Wands
 C - a wand of iceblast (5)
 P - a wand of polymorph (16)
Scrolls
 e - 9 scrolls of remove curse
 j - a scroll of fear
 p - a scroll of enchant armour
 t - 3 scrolls of teleportation
 w - 3 scrolls of amnesia
 G - a scroll of magic mapping
 R - a scroll of blinking
 S - a scroll of holy word
 V - a scroll of silence {unknown}
Potions
 g - 2 potions of resistance
 i - a potion of haste
 l - a potion of magic
 m - a potion of ambrosia {unknown}
 u - 3 potions of agility
 v - a potion of lignification {unknown}
 x - 2 potions of curing
 z - a potion of might
 E - a potion of berserk rage {unknown}
 T - a potion of cancellation {unknown}
Miscellaneous
 H - a fan of gales (inert)
Comestibles
 f - 23 rations


   Skills:
 * Level 11.6 Fighting
 * Level 9.4 Long Blades
 - Level 3.0 Throwing
 * Level 4.3 Armour
 * Level 10.1 Dodging
 - Level 6.0 Stealth
 * Level 5.8 Spellcasting
 * Level 6.7 Necromancy
 - Level 9.0 Evocations


You had 13 spell levels left.
You knew the following spells:

 Your Spells              Type           Power        Failure   Level  Hunger
a - Pain                  Necr           ##..         1%          1    None
b - Corpse Rot            Necr           N/A          1%          2    ##.....
c - Regeneration          Chrm/Necr      #.........   13%         3    ###....
d - Animate Dead          Necr           N/A          11%         4    ####...

Your spell library contained the following spells:

 Spells                   Type           Power        Failure   Level  Hunger
 Sublimation of Blood     Necr           ##........   1%          2    ##.....
 Sting                    Conj/Pois      #...         16%         1    None
 Poisonous Vapours        Pois/Air       #.....       26%         2    ##.....
 Agony                    Necr           ##......     28%         5    ######.
 Dispel Undead            Necr           ##......     28%         5    ######.
 Mephitic Cloud           Conj/Pois/Air  #.......     43%         3    ###....
 Bolt of Draining         Conj/Necr      #.........   71%         5    ######.
 Borgnjor's Vile Clutch   Necr/Erth      #.........   71%         5    ######.
 Olgreb's Toxic Radiance  Pois           #.......     82%         4    ####...
 Venom Bolt               Conj/Pois      #.........   98%         5    ######.
 Haunt                    Necr/Summ      #.........   100%        7    #######
 Borgnjor's Revivificati  Necr           ##........   100%        8    #######
 Death's Door             Chrm/Necr      #.........   100%        8    #######
 Infestation              Necr           ##........   100%        8    #######
 Necromutation            Tmut/Necr      #.........   100%        8    #######


Dungeon Overview and Level Annotations

Branches:
Dungeon (11/15)            Temple (1/1) D:4            Lair (2/6) D:10
    Orc (0/2) D:9
  Swamp: Lair:2-4    Shoals: Lair:2-4     Snake: Lair:2-4    Spider: Lair:2-4

Altars:
Ashenzari
Cheibriados
Dithmenos
Elyvilon
Fedhas
Gozag
Hepliaklqana
Kikubaaqudgha
Makhleb
Nemelex Xobeh
Okawaru
Qazlal
Ru
Sif Muna
Trog
Uskayaw
Vehumet
Wu Jian
Xom
Yredelemnul
Zin
The Shining One

Shops:
D:9 !(*

Annotations:
D:11 Urug


Innate Abilities, Weirdness & Mutations

You are small and have problems with some larger weapons.
You are carnivorous and can eat meat at any time.


Message History

The freezing wraith barely misses you. The freezing wraith misses you.
You hit the freezing wraith but do no damage.
The freezing wraith is almost destroyed.
The freezing wraith hits you. The freezing wraith freezes you! You resist.
* * * LOW HITPOINT WARNING * * *
The freezing wraith closely misses you.
You hit the freezing wraith but do no damage.
The freezing wraith is almost destroyed.
The freezing wraith barely misses you. The freezing wraith hits you!
* * * LOW HITPOINT WARNING * * *
The freezing wraith drains your vigour!
You feel as though you will be slow longer.
The freezing wraith completely misses you. x2
The freezing wraith closely misses you. The freezing wraith hits you.
* * * LOW HITPOINT WARNING * * *
You feel better. The freezing wraith hits you.
* * * LOW HITPOINT WARNING * * *
The freezing wraith freezes you! You resist.
You die...
Kikubaaqudgha rasps: "You have failed me!
Welcome... death!"

...W..ยง#...##
#....#..# ##...#..#
##.##Z.# #####
###..## ##...##
##..###### #.....#
#..## #(.#
##.W#..####..###).#
##.@.##..#
##..#...#
##...####.##
##...... ##...##
#..## #......
#...## ##..#
#...... ##..##
#..###......
#..######
##..###.....
##.###...##
#..###.....
#..##.....##
##..##.....
#..#...#...#
#..#.....#


You could see a freezing wraith.

Vanquished Creatures
  A hydra (D:11)
  Erolcha (D:10)
  Fannar (D:11)
  3 two-headed ogres
  An unseen horror (D:11)
  An ugly thing (D:10)
  A spiny frog (Lair:1)
  A rime drake (Lair:1)
  2 ice devils (Lair:2)
  9 freezing wraiths (IceCv)
  A troll (D:11)
  Grinder (D:6)
  A polar bear (Lair:2)
  2 hippogriffs (D:11)
  An acid dragon (D:11)
  A vampire (D:10)
  A spriggan (Lair:2)
  A water elemental (D:11)
  24 yaks
  A steam dragon (IceCv)
  3 hungry ghosts
  4 vampire mosquitoes (D:10)
  2 death yak simulacra (IceCv)
  Menkaure (D:6)
  4 water moccasins
  A soldier ant (D:11)
  3 orc warriors
  2 porcupines
  A swamp drake (D:9)
  8 ice beasts
  4 sky beasts
  2 black bears
  An eye of draining (D:11)
  9 ogres
  2 necrophages (D:9)
  10 centaurs
  4 wolves (Lair:2)
  A crocodile (Lair:2)
  9 bullfrogs
  Blork the orc (D:4)
  A gnoll sergeant (D:9)
  3 scorpions
  3 killer bees (D:11)
  10 wights
  A howler monkey (D:4)
  A jelly (D:11)
  A centaur zombie (D:7)
  9 crimson imps
  2 draconian simulacra (IceCv)
  9 orc wizards
  A quasit (D:11)
  Crazy Yiuf (D:2)
  A bullfrog skeleton (D:7)
  5 orc priests
  Ijyb (D:5)
  Jessica (D:2)
  8 iguanas
  Natasha (thrice) (D:2)
  A polar bear simulacrum (IceCv)
  12 worker ants
  A troll simulacrum (IceCv)
  A wolf simulacrum (IceCv)
  3 centaur simulacra (IceCv)
  A hound zombie (D:8)
  A howler monkey zombie (D:7)
  A worker ant zombie (D:9)
  8 adders
  8 gnolls
  A howler monkey skeleton (D:5)
  An ogre simulacrum (IceCv)
  A river rat (D:11)
  2 shadow imps
  12 white imps (IceCv)
  3 oozes
  2 adder zombies
  2 worms
  3 dart slugs
  5 leopard geckos
  39 orcs
  8 bats
  7 giant cockroaches
  2 gnoll zombies (D:6)
  18 goblins
  7 hobgoblins
  14 jackals
  7 quokkas
  3 frilled lizards
  9 kobolds
  A leopard gecko zombie (D:5)
  2 quokka skeletons
  A quokka zombie (D:10)
  5 rats
380 creatures vanquished.

Vanquished Creatures (collateral kills)
  A two-headed ogre (D:11)
  4 wolves (Lair:2)
  A centaur (D:11)
  A crocodile (Lair:2)
7 creatures vanquished.

Vanquished Creatures (others)
  A two-headed ogre (D:11)
  A spiny frog (Lair:2)
  A centaur (D:11)
  An orc priest (D:11)
  An orc wizard (D:9)
5 creatures vanquished.

Grand Total: 392 creatures vanquished

Notes
Turn   | Place    | Note
-------+----------+-------------------------------------------
     0 | D:1      | Ihlosi the Kobold Gladiator began the quest for the Orb.
     0 | D:1      | Reached XP level 1. HP: 12/12 MP: 1/1
    55 | D:1      | Reached XP level 2. HP: 10/17 MP: 2/2
   263 | D:1      | Reached skill level 1 in Spellcasting
   301 | D:1      | Reached XP level 3. HP: 18/21 MP: 4/4
   665 | D:1      | Reached skill level 1 in Stealth
   936 | D:2      | Found a runed door.
   940 | D:2      | Noticed Crazy Yiuf
   955 | D:2      | Killed Crazy Yiuf
   955 | D:2      | Reached skill level 1 in Armour
   955 | D:2      | Reached XP level 4. HP: 27/27 MP: 5/5
  1193 | D:2      | Reached XP level 5. HP: 21/31 MP: 6/6
  1555 | D:2      | Noticed Jessica
  1558 | D:2      | Killed Jessica
  1733 | D:2      | Noticed Natasha
  1741 | D:2      | Killed Natasha
  1743 | D:2      | Reached XP level 6. HP: 36/36 MP: 7/7
  2308 | D:2      | Noticed Natasha
  2316 | D:2      | Killed Natasha
  2316 | D:2      | Reached skill level 3 in Fighting
  2451 | D:2      | Noticed Natasha
  2456 | D:2      | Killed Natasha
  3119 | D:3      | Found a faded altar of an unknown god.
  3223 | D:3      | Found a glowing golden altar of the Shining One.
  3280 | D:3      | Found a sacrificial altar of Ru.
  3280 | D:3      | Found an opulent altar of Gozag.
  3280 | D:3      | Found a hazy altar of Hepliaklqana.
  3600 | D:4      | Reached skill level 1 in Evocations
  3600 | D:4      | Reached XP level 7. HP: 41/41 MP: 8/8
  3655 | D:4      | Found a staircase to the Ecumenical Temple.
  3660 | Temple   | Entered the Ecumenical Temple
  3717 | Temple   | Became a worshipper of Kikubaaqudgha
  4072 | D:4      | Reached skill level 5 in Dodging
  4276 | D:4      | Reached skill level 1 in Necromancy
  4512 | D:5      | Entered Level 5 of the Dungeon
  4512 | D:5      | Noticed a water moccasin
  4518 | D:5      | Killed a water moccasin
  4518 | D:5      | Reached XP level 8. HP: 30/48 MP: 9/9
  4525 | D:5      | Noticed Ijyb
  4527 | D:5      | Noticed Blork the orc
  4544 | D:5      | Killed Ijyb
  4544 | D:5      | Reached skill level 4 in Fighting
  4575 | D:4      | Killed Blork the orc
  4958 | D:5      | Reached * piety under Kikubaaqudgha
  4958 | D:5      | Identified Kikubaaqudgha's Incunabulum of Stolen Souls
                  | (Kikubaaqudgha gifted it to you on level 5 of the Dungeon)
  4958 | D:5      | Received a gift from Kikubaaqudgha
  4969 | D:5      | Learned a level 1 spell: Pain
  4972 | D:5      | Learned a level 2 spell: Corpse Rot
  4976 | D:5      | Learned a level 3 spell: Regeneration
  5282 | D:5      | Found a snail-covered altar of Cheibriados.
  5480 | D:6      | Noticed Menkaure
  5511 | D:5      | Reached skill level 5 in Long Blades
  5660 | D:6      | Found a basalt altar of Yredelemnul.
  5701 | D:6      | Reached skill level 5 in Fighting
  5701 | D:6      | Killed Menkaure
  5701 | D:6      | Reached XP level 9. HP: 46/54 MP: 11/11
  5762 | D:6      | Noticed Grinder
  5767 | D:6      | Killed Grinder
  5901 | D:6      | Got a smoking rapier
  5903 | D:6      | Found a glowing silver altar of Zin.
  5904 | D:6      | Noticed an angel
  6128 | D:6      | Found a radiant altar of Vehumet.
  6341 | D:6      | Reached skill level 6 in Fighting
  6479 | D:6      | Reached ** piety under Kikubaaqudgha
  6634 | D:6      | Identified the +2 rapier of Traps {holy, rC+ rN+} (You
                  | found it on level 6 of the Dungeon)
  6925 | D:7      | Found a bloodstained altar of Trog.
  7053 | D:7      | Reached XP level 10. HP: 61/61 MP: 13/13
  7068 | D:7      | Reached skill level 7 in Fighting
  7415 | D:8      | Found a deep blue altar of Sif Muna.
  7460 | D:8      | Reached skill level 5 in Evocations
  7771 | D:8      | Noticed a two-headed ogre
  7783 | D:8      | Killed a two-headed ogre
  8125 | D:9      | Found Byosogg's Distillery.
  8171 | D:9      | Reached *** piety under Kikubaaqudgha
  8171 | D:9      | Identified Kikubaaqudgha's Reference Book on Necromancy
                  | (Kikubaaqudgha gifted it to you on level 9 of the Dungeon)
  8171 | D:9      | Received a gift from Kikubaaqudgha
  8178 | D:9      | Learned a level 4 spell: Animate Dead
  8265 | D:9      | Found Teduaxio's Antique Weapon Emporium.
  8360 | D:9      | Reached skill level 5 in Stealth
  8374 | D:9      | Reached skill level 8 in Fighting
  8376 | D:9      | Reached XP level 11. HP: 41/68 MP: 15/15
  8603 | D:9      | Found Naneasif's Assorted Antiques.
  9092 | D:9      | Reached **** piety under Kikubaaqudgha
  9123 | D:9      | Found a staircase to the Orcish Mines.
  9124 | D:9      | Noticed a two-headed ogre
  9167 | D:9      | Killed a two-headed ogre
  9451 | D:10     | Entered Level 10 of the Dungeon
  9456 | D:10     | Noticed a purple ugly thing
  9458 | D:10     | Killed a purple ugly thing
  9458 | D:10     | Reached skill level 5 in Necromancy
  9638 | D:10     | Found a staircase to the Lair.
  9830 | D:10     | Noticed Erolcha
  9837 | D:10     | Killed Erolcha
 10069 | D:10     | Reached skill level 9 in Fighting
 10578 | D:10     | Noticed a two-headed ogre
 10586 | D:10     | Killed a two-headed ogre
 10595 | D:10     | Reached XP level 12. HP: 59/76 MP: 17/17
 10962 | D:11     | Noticed an eight-headed hydra
 10964 | D:11     | Killed an eight-headed hydra
 10992 | D:11     | Noticed Fannar
 11037 | D:11     | Killed Fannar
 11037 | D:11     | Reached skill level 10 in Fighting
 11108 | D:11     | Noticed Urug
 11320 | D:11     | Noticed a two-headed ogre
 11327 | D:11     | Noticed a two-headed ogre
 11355 | D:11     | Killed a two-headed ogre
 11454 | D:11     | Killed an unseen horror
 11454 | D:11     | Reached ***** piety under Kikubaaqudgha
 11658 | Lair:1   | Entered Level 1 of the Lair of Beasts
 11762 | Lair:1   | Reached skill level 5 in Spellcasting
 11841 | Lair:1   | Reached skill level 11 in Fighting
 11874 | Lair:1   | Got a pitted quarterstaff
 12474 | Lair:2   | Reached XP level 13. HP: 77/84 MP: 20/20
 12550 | Lair:2   | Found a frozen archway.
 12588 | Lair:2   | Got a fine leather armour
 12600 | Lair:2   | Identified the +2 leather armour of the Arcane {Regen+
                  | rCorr Str-4 SInv} (You found it on level 2 of the Lair of
                  | Beasts)
 12675 | IceCv    | Entered an ice cave
 13355 | IceCv    | Reached skill level 10 in Dodging
 13402 | IceCv    | Found an ancient bone altar of Kikubaaqudgha.
 13514 | IceCv    | Identified a scroll of acquirement
 13515 | IceCv    | Got a pair of brightly glowing boots
 13583 | IceCv    | Slain by a freezing wraith

Skill      XL: |  1  2  3  4  5  6  7  8  9 10 11 12 13 |
---------------+----------------------------------------+-----
Spellcasting   | 1 3 5 |  5.8
Dodging        | 4 5 6 7 8 9 10 | 10.1
Stealth        | 1 2 3 5 6 |  6.0
Armour         | 1 2 3 4 |  4.3
Long Blades    | 3 4 5 6 7 9 |  9.4
Fighting       | 3 5 6 8 9 11 | 11.6
Throwing       | 3 |  3.0
Evocations     | 1 2 3 4 5 6 8 9 |  9.0
Necromancy     | 1 2 3 4 5 6 |  6.7

Action                   |  1- 3 |  4- 6 |  7- 9 | 10-12 | 13-15 || total
-------------------------+-------+-------+-------+-------+-------++-------
Melee: Long sword        |    90 |   154 |   309 |   441 |    13 ||  1007
       Rapier            |       |       |    80 |   175 |   238 ||   493
Throw: Throwing net      |     3 |       |     3 |       |       ||     6
 Cast: Animate Dead      |       |       |       |     1 |       ||     1
Evoke: Wand              |       |       |     6 |    46 |     3 ||    55
       Fan of gales      |       |       |       |       |     1 ||     1
  Use: Scroll            |       |     7 |     8 |     5 |     3 ||    23
       Potion            |       |       |     1 |     4 |     6 ||    11
 Stab: Sleeping          |     2 |     8 |     5 |    14 |     2 ||    31
       Held in net/web   |     4 |       |       |       |       ||     4
       Distracted        |       |       |       |     2 |       ||     2
  Eat: Chunk             |     8 |     9 |    17 |    34 |     4 ||    72
       Ration            |       |       |       |     1 |       ||     1
Armor: Leather armour    |    22 |    36 |    94 |    88 |       ||   240
       Acid dragon scale |       |       |       |    23 |    17 ||    40
       Ring mail         |       |       |       |       |    55 ||    55
Dodge: Dodged            |    81 |   164 |   333 |   450 |   293 ||  1321
       Rpst.: Long sword |    34 |    51 |    98 |    93 |    12 ||   288
